 Dungeon Crawl Stone Soup version 0.30.0-29-ga12c61a403 (webtiles) character file.

Game seed: 8554577193826256830

133 7w4c the Chopper (level 5, -16/46 HPs)
             Began as a Hill Orc Fighter on June 14, 2023.
             Killed by an exploding cerulean imp (24 damage)
             ... ignited by their inner flame
             ... on level 3 of the Dungeon.
             The game lasted 00:12:59 (1971 turns).

7w4c the Chopper (Hill Orc Fighter)                 Turns: 1971, Time: 00:13:00

Health: -16/46     AC:  7    Str: 21    XL:     5   Next: 16%
Magic:  0/5        EV:  9    Int:  8    God:
Gold:   166        SH:  4    Dex: 10    Spells: 4/4 levels left

rFire   . . .        a - +0 war axe
rCold   . . .        c - +0 buckler
rNeg    . . .        b - +0 scale mail
rPois   .            (no helmet)
rElec   .            (no cloak)
rCorr   .            (no gloves)
SInv    .            (no boots)
Will    .....        g - amulet of guardian spirit Stlth
                     (no ring)
HPRegen 0.27/turn    (no ring)
MPRegen 0.09/turn

%: guardian spirit
@: lethally poisoned (-16 -> -16)
A: no striking features
a: no special abilities


You were on level 3 of the Dungeon.
You visited 1 branch of the dungeon, and saw 3 of its levels.

You collected 166 gold pieces.

Inventory:

Hand Weapons
 a - a +0 war axe (weapon)
Armour
 b - a +0 scale mail (worn)
 c - a +0 buckler (worn)
Jewellery
 g - an amulet of guardian spirit (around neck)
 p - a ring of magical power
Scrolls
 e - a scroll of fear {unknown}
 f - 2 scrolls of teleportation
 k - a scroll of immolation
 l - 2 scrolls of fog
 n - a scroll of brand weapon {unknown}
 o - a scroll of blinking {unknown}
Potions
 d - 3 potions of might
 h - a potion of mutation {unknown}
 i - 3 potions of attraction {unknown}
 j - 2 potions of curing {unknown}
 m - a potion of degeneration {unknown}


   Skills:
 + Level 4.2 Fighting
 + Level 5.0 Axes
 + Level 3.9 Armour
 + Level 1.1 Dodging
 + Level 3.6 Shields


You had 4 spell levels left.
You didn't know any spells.
Your spell library contained the following spells:

 Spells                   Type           Power      Damage    Failure   Level
 Inner Flame              Hex/Fire       0%         N/A       99%         3
 Yara's Violent Unravell  Hex/Tmut       0%         3d3       100%        5
 Enfeeble                 Hex            0%         N/A       100%        7


Dungeon Overview and Level Annotations

Branches:
Dungeon (3/15)

Altars:
Qazlal

Annotations:
D:3 javelincjr's ghost, amateur DjHW


Message History

The adder bites you.
You are poisoned.
The adder poisons you! The adder bites you but does no damage.
Javelincjr's ghost gestures wildly while chanting.
You slash the adder!
You kill the adder!
You miss the cerulean imp.
You feel sick.
Javelincjr's ghost mumbles some strange words.
You block the cerulean imp's attack.
Your Axes skill increases to level 5!
You hit the bat but do no damage. You slash the rat!
You kill the rat!
The rat's corpse disappears in a puff of smoke!
You closely miss the cerulean imp.
You feel sick. The bat hits you but does no damage. The bat closely misses you.
The cerulean imp hits you but does no damage.
Javelincjr's ghost gestures wildly while chanting.
As you read the scroll of immolation, it crumbles to dust.
The creatures around you are filled with an inner flame!
You feel sick. The bat barely misses you. The bat closely misses you.
The cerulean imp hits you but does no damage.
The cerulean imp barely misses you.
You slash the bat!
The bat's corpse disappears in a puff of smoke!
You closely miss the cerulean imp. You hit the cerulean imp.
Flame seeps out of the cerulean imp.
The bat explodes!
The fiery explosion engulfs javelincjr's ghost.
Javelincjr's ghost resists.
Flame seeps out of javelincjr's ghost.
Javelincjr's ghost is lightly damaged.
The fiery explosion engulfs you!!
* * * LOW HITPOINT WARNING * * *
The fiery explosion engulfs the cerulean imp!!
The cerulean imp disappears in a puff of smoke!
The fiery explosion engulfs the cerulean imp!!
The cerulean imp disappears in a puff of smoke!
The cerulean imp explodes!
The fiery explosion engulfs you!!
Ouch! That really hurt!
You die...

#..# *,,##....... #..#
####*********,,*##...... #..#
#..,,,,,,,,,,,,######†'# ...#
#.#***********.........#
#.########.# ########,,..........
...........###...##.............†
.....#.........§§##.##........§≈§
#<##############§##.##.§§≈..≈≈≈≈.
...# *~)~~rW§@##.##.§≈≈##≈#≈≈.
#..# *#######○##.##.§§#§§≈§#≈≈
##.# *,**#.§.##.##§≈≈≈≈.§§#.. #.#
#.#...####.##...#≈>_≈#§≈ ##.#
##.#.##.......[..#≈≈≈≈'..
...######....##.###.##...##≈#≈≈..
.......##.#..##.# #..#.....≈≈≈≈..
...###.##.....#.###.......≈≈≈....
#..##..†.........##.##.........§.


You could see javelincjr's ghost (inner flame) and a rat (summoned, inner
flame).

Vanquished Creatures
  7 adders
  A worm (D:3)
  3 dart slugs
  A bat (D:1)
  5 endoplasms
  A giant cockroach (D:1)
  5 goblins
  6 hobgoblins
  7 jackals (D:2)
  A kobold (D:2)
  4 quokkas
  7 ball pythons
  4 frilled lizards
  6 rats
58 creatures vanquished.

Notes
Turn   | Place    | Note
-------+----------+-------------------------------------------
     0 | D:1      | 7w4c the Hill Orc Fighter began the quest for the Orb.
     0 | D:1      | Reached XP level 1. HP: 19/19 MP: 1/1
   157 | D:1      | Reached XP level 2. HP: 26/27 MP: 2/2
   242 | D:1      | Reached skill level 3 in Axes
   249 | D:1      | Found a faded altar of an unknown god.
   730 | D:2      | Reached XP level 3. HP: 31/33 MP: 3/3
   956 | D:2      | Reached skill level 4 in Axes
   981 | D:2      | Reached XP level 4. HP: 39/40 MP: 4/4
   983 | D:2      | Reached skill level 1 in Dodging
  1524 | D:3      | Found a stormy altar of Qazlal.
  1580 | D:3      | Reached XP level 5. HP: 45/46 MP: 5/5
  1949 | D:3      | Found a runed translucent door.
  1954 | D:3      | Noticed javelincjr's ghost (amateur DjHW)
  1969 | D:3      | Reached skill level 5 in Axes
  1971 | D:3      | Killed by an exploding cerulean imp... ignited by their
                  | inner flame

Illustrated notes

Levels and vault maps discovered:
D:1:      mainiacjoe_arrival_reflecting_pool, layout_rooms,
          shapermc_ecumenical_altar_acropolis
D:2:      layout_basic, kennysheep_generic_room_5
D:3:      layout_loops_ring, nicolae_qazlal_general_emergency,
          ebering_ghost_sewer_d, kennysheep_big_empty_room

Skill      XL: |  1  2  3  4  5 |
---------------+----------------+-----
Axes           | 3 4 5 |  5.0
Fighting       | 4 |  4.2
Dodging        | 1 |  1.1
Armour         | |  3.9
Shields        | |  3.6

Action                     |  1- 3 |  4- 6 || total
---------------------------+-------+-------++-------
  Melee: War axe           |    75 |    94 ||   169
    Use: Potion            |     1 |       ||     1
         Scroll            |     3 |     4 ||     7
 Armour: Scale mail        |    58 |    53 ||   111
  Dodge: Dodged            |    41 |    48 ||    89
  Block: Buckler           |    18 |    22 ||    40
